Map: Jagannatha LE

Players

Solar - Winner!

  • Race: Zerg Zerg
  • Spawn Location: 7:00

ShoWTimE

  • Race: Protoss Protoss
  • Spawn Location: 1:00

Event: IEM Katowice 2021

VOD

Have the link to the VOD?

Description

Time

  • Played on: Feb. 22, 2021, 10:13 a.m.
  • Length: 44:47

All games in this series

Show
View Real Time Build Order
Export as new Build Order

Solar Zerg - Winner!

Build Orders: Hatch First, Lurkers, Roach Hydra 

Get SALT Encoding   

  12  0:00  Drone  
  13  0:12  Overlord  
  13  0:17  Drone  
  14  0:32  Drone x2  
  16  0:48  Hatchery  
  15  0:52  Drone  
  15  0:56  Drone  
  17  0:58  Drone  
  18  1:04  Extractor  
  17  1:14  Spawning Pool  
  17  1:17  Drone  
  17  1:20  Drone  
  18  1:28  Drone  
  19  1:39  Drone  
  20  1:49  Overlord  
  20  2:00  Queen x2  
  24  2:01  Zergling x2  
  24  2:03  Zergling x2  
  24  2:07  Metabolic Boost  
  26  2:14  Drone x2  
  28  2:22  Drone x2  
  30  2:36  Hatchery  
  29  2:43  Queen  
  31  2:46  Drone  
  31  2:49  Overlord  
  32  2:52  Drone  
  32  2:55  Drone  
  32  2:57  Zergling x2  
  35  3:00  Drone  
  35  3:05  Overlord  
  36  3:11  Zergling x4  
  38  3:13  Drone x2  
  38  3:17  Zergling x2  
  40  3:24  Drone x2  
  39  3:27  Drone  
  39  3:33  Drone  
  39  3:39  Spore Crawler  
  38  3:42  Drone  
  38  3:44  Drone  
  38  3:48  Drone x2  
  42  3:49  Drone  
  42  3:52  Drone  
  43  3:58  Queen  
  43  4:01  Drone x2  
  47  4:03  Drone  
  47  4:04  Drone  
  47  4:08  Overlord  
  50  4:10  Drone  
  50  4:12  Spore Crawler  
  49  4:17  Spore Crawler  
  49  4:21  Queen  
  49  4:23  Drone x2  
  52  4:25  Drone x2  
  52  4:28  Drone  
  52  4:29  Drone  
  57  4:31  Drone  
  57  4:34  Overlord  
  57  4:36  Drone  
  57  4:37  Drone  
  59  4:38  Drone  
  59  4:41  Drone  
  59  4:44  Lair  
  61  4:50  Zergling x2, Roach Warren  
  61  4:53  Extractor, Drone  
  61  4:54  Extractor  
  61  4:55  Zergling x2  
  61  4:57  Drone  
  61  4:58  Drone  
  61  4:59  Drone  
  64  5:00  Drone  
  64  5:01  Drone  
  64  5:03  Drone  
  64  5:04  Drone  
  64  5:06  Overlord  
  67  5:08  Drone  
  67  5:09  Drone  
  67  5:12  Drone x3  
  72  5:14  Drone  
  72  5:18  Evolution Chamber  
  72  5:19  Overlord  
  72  5:23  Extractor  
  72  5:24  Extractor, Drone  
  72  5:25  Drone  
  72  5:26  Drone x2  
  72  5:27  Drone  
  75  5:31  Drone x2  
  75  5:34  Drone  
  75  5:35  Drone x2  
  80  5:37  Extractor  
  80  5:39  Drone  
  80  5:40  Drone  
  80  5:42  Drone  
  80  5:48  Drone x2  
  82  5:51  Glial Reconstitution  
  82  5:52  Overlord, Infestation Pit  
  82  5:53  Drone  
  82  5:55  Overseer  
  82  5:57  Zerg Missile Weapons Level 1  
  82  5:59  Drone  
  82  6:02  Overlord  
  83  6:06  Overseer  
  83  6:10  Drone  
  84  6:11  Hydralisk Den  
  84  6:12  Hatchery  
  84  6:13  Roach x3  
  84  6:17  Zergling x10  
  93  6:21  Overlord  
  93  6:22  Pneumatized Carapace  
  93  6:26  Drone x2  
  93  6:27  Roach  
  93  6:28  Overseer  
  93  6:30  Drone  
  93  6:31  Drone  
  93  6:32  Drone  
  100  6:34  Drone x2  
  100  6:35  Extractor  
  100  6:39  Extractor  
  100  6:41  Overlord  
  100  6:45  Hive, Lurker Den  
  99  6:47  Roach x2  
  99  6:48  Roach  
  99  6:51  Roach x2  
  109  6:55  Drone x3  
  109  6:58  Overlord  
  112  7:03  Overlord  
  112  7:05  Drone  
  112  7:08  Hydralisk  
  112  7:10  Overlord  
  112  7:12  Overlord  
  112  7:14  Overlord  
  114  7:17  Drone x3  
  114  7:19  Hydralisk x2  
  121  7:23  Overlord  
  121  7:25  Hydralisk x3  
  127  7:34  Overlord  
  127  7:35  Hydralisk x2  
  131  7:37  Roach x2  
  131  7:41  Hydralisk x2  
  131  7:44  Drone  
  140  7:45  Lurker x3  
  140  7:47  Drone  
  140  7:48  Overlord  
  140  7:49  Spore Crawler  
  143  7:51  Grooved Spines  
  143  7:57  Drone  
  144  8:00  Seismic Spines  
  144  8:07  Hatchery  
  144  8:08  Lurker x4  
  144  8:09  Zergling x8  
  151  8:15  Hydralisk x3  
  151  8:16  Roach  
  159  8:21  Drone  
  159  8:22  Drone  
  159  8:24  Drone  
  161  8:31  Hydralisk  
  161  8:32  Hydralisk x2  
  167  8:35  Zerg Missile Weapons Level 2  
  167  8:39  Hatchery  
  159  8:47  Hydralisk x5  
  166  8:50  Overlord x2  
  166  8:52  Drone  
  166  8:53  Drone  
  166  8:54  Drone  
  169  8:58  Lurker  
  169  8:59  Lurker  
  169  9:00  Extractor  
  169  9:01  Drone x3  
  169  9:02  Drone x3  
  170  9:03  Extractor  
  169  9:13  Lurker x2  
  169  9:14  Lurker  
  172  9:21  Lurker  
  172  9:22  Zergling x34  
  190  9:24  Overlord  
  190  9:28  Adaptive Talons  
  190  9:30  Drone  
  191  9:37  Overlord  
  191  9:39  Overlord  
  191  9:47  Hydralisk x4  
  191  9:49  Muscular Augments  
  199  9:58  Evolution Chamber  
  199  9:59  Drone x2  
  199  10:04  Hydralisk x2  
  189  10:09  Hydralisk  
  189  10:10  Hydralisk x7  
  189  10:12  Queen  
  178  10:14  Roach  
  178  10:16  Roach  
  178  10:18  Hydralisk  
  162  10:23  Hydralisk x2  
  162  10:28  Zergling x6  
  157  10:32  Drone x2  
  157  10:34  Drone  
  155  10:36  Drone x2  
  155  10:38  Drone  
  155  10:40  Zergling x2  
  155  10:41  Zergling x2  
  158  10:44  Lurker x2  
  158  10:45  Lurker  
  158  10:46  Lurker  
  158  10:47  Lurker  
  161  10:50  Lurker  
  161  10:51  Hydralisk, Zerg Ground Armor Level 1  
  164  10:57  Hydralisk  
  164  10:58  Hydralisk  
  164  11:00  Drone  
  164  11:03  Hydralisk x3  
  173  11:07  Drone x3  
  173  11:11  Drone x3  
  181  11:12  Hydralisk  
  181  11:15  Hydralisk x2  
  187  11:19  Viper  
  187  11:22  Hydralisk x2  
  190  11:27  Lurker  
  190  11:28  Lurker  
  190  11:29  Hydralisk  
  190  11:31  Zergling x2  
  195  11:33  Drone x2  
  195  11:36  Drone x4, Spore Crawler  
  199  11:41  Zerg Missile Weapons Level 3  
  199  11:42  Drone  
  199  11:43  Drone  
  199  11:47  Drone  
  199  11:52  Spore Crawler  
  199  11:53  Drone, Spore Crawler  
  199  11:54  Drone, Spire  
  199  12:00  Drone  
  199  12:02  Spore Crawler x3  
  199  12:03  Drone  
  199  12:04  Drone  
  198  12:14  Drone  
  198  12:17  Spore Crawler  
  198  12:19  Spore Crawler  
  198  12:20  Spore Crawler  
  193  12:25  Drone x3  
  193  12:29  Drone x3  
  199  12:30  Spore Crawler  
  199  12:36  Spine Crawler x2  
  196  12:39  Spore Crawler  
  196  12:40  Spire  
  196  12:41  Spore Crawler x2  
  192  12:45  Viper x2  
  192  12:49  Drone  
  192  12:50  Hatchery  
  198  12:52  Drone  
  198  13:07  Corruptor x2  
  198  13:09  Zerg Flyer Weapons Level 1  
  198  13:10  Drone  
  197  13:20  Spore Crawler  
  197  13:23  Spore Crawler  
  197  13:24  Spore Crawler  
  189  13:31  Corruptor  
  189  13:32  Corruptor x6  
  199  13:34  Drone  
  199  13:39  Spine Crawler  
  199  13:40  Spine Crawler  
  198  13:43  Drone x2  
  197  14:03  Corruptor  
  197  14:04  Corruptor x4  
  197  14:07  Zerg Flyer Armor Level 1  
  200  14:13  Overseer x2  
  200  14:14  Overseer x3  
  200  14:27  Zerg Ground Armor Level 2  
  200  14:30  Corruptor  
  199  14:33  Drone  
  200  14:39  Spore Crawler  
  200  14:41  Overlord  
  199  14:58  Drone  
  200  15:13  Corruptor x3  
  195  15:23  Greater Spire  
  195  15:29  Corruptor  
  195  15:30  Corruptor  
  199  15:37  Overlord  
  199  15:41  Overlord  
  198  15:44  Overlord  
  196  15:51  Queen  
  196  15:52  Overlord  
  196  15:54  Overlord  
  196  15:58  Zergling x6  
  196  16:01  Zerg Flyer Weapons Level 2, Zerg Melee Weapons Level 1, Adrenal Glands  
  196  16:03  Ultralisk Cavern  
  198  16:08  Spore Crawler x2  
  196  16:12  Spore Crawler  
  196  16:13  Drone, Spore Crawler x2  
  196  16:14  Drone, Spore Crawler x2  
  196  16:15  Spine Crawler, Spore Crawler  
  196  16:16  Spine Crawler  
  190  16:22  Pathogen Glands  
  190  16:35  Hatchery  
  189  16:41  Zergling x2  
  189  16:42  Zergling x26  
  189  16:45  Zergling x6  
  200  16:53  Chitinous Plating  
  194  17:00  Ultralisk x2  
  199  17:06  Ultralisk  
  196  17:08  Drone  
  196  17:09  Drone x2  
  199  17:15  Spore Crawler  
  199  17:17  Spore Crawler  
  199  17:19  Drone  
  195  17:23  Zergling x12  
  195  17:26  Overlord  
  195  17:28  Drone x2  
  200  17:31  Zerg Flyer Armor Level 2  
  200  17:54  Overseer  
  200  18:12  Anabolic Synthesis  
  200  18:16  Viper  
  199  18:23  Zergling x26  
  194  18:27  Drone x3  
  194  18:31  Drone  
  194  18:32  Drone  
  197  18:41  Drone x2  
  199  18:45  Drone  
  199  18:46  Extractor  
  199  18:47  Spore Crawler  
  199  18:48  Extractor, Drone x3  
  199  18:49  Spore Crawler  
  199  18:51  Drone  
  199  18:54  Drone x2  
  200  18:58  Zerg Melee Weapons Level 2  
  200  18:59  Zerg Ground Armor Level 3  
  200  19:00  Zerg Flyer Weapons Level 3  
  200  19:15  Neural Parasite  
  200  19:16  Burrow  
  199  19:55  Spore Crawler  
  199  19:56  Zerg Flyer Armor Level 3, Spore Crawler  
  199  19:57  Spore Crawler  
  199  19:59  Hatchery  
  195  20:09  Drone x3  
  198  20:16  Drone  
  198  20:20  Drone  
  200  20:25  Extractor  
  200  20:26  Extractor  
  196  20:35  Drone x4  
  191  20:36  Drone x2  
  191  20:37  Drone  
  191  20:40  Drone  
  195  20:43  Drone  
  195  20:44  Drone  
  195  20:46  Drone x2  
  195  20:48  Drone  
  200  21:01  Overseer x2  
  200  21:03  Extractor  
  199  21:04  Drone  
  199  21:09  Spore Crawler x4  
  196  21:13  Drone  
  197  21:19  Zergling x2  
  197  21:20  Zergling x4  
  200  21:37  Overlord  
  200  21:38  Overlord  
  200  21:41  Overlord  
  200  21:44  Overlord  
  196  21:54  Spore Crawler x2  
  196  21:56  Spore Crawler x3  
  196  21:57  Spore Crawler  
  196  21:58  Spore Crawler  
  196  21:59  Spore Crawler  
  188  22:01  Infestor x5  
  188  22:03  Spore Crawler  
  197  22:11  Zergling x6  
  197  22:54  Spore Crawler  
  197  22:55  Spore Crawler  
  197  22:57  Zergling x4  
  197  22:58  Zergling x16  
  199  23:04  Zergling x2  
  199  23:12  Corruptor x3  
  199  23:37  Infestor x2  
  195  23:47  Infestor x2  
  193  23:52  Brood Lord  
  193  23:53  Brood Lord x2  
  181  24:12  Zergling x32  
  181  24:13  Zergling x8  
  192  24:30  Brood Lord x5  
  198  24:57  Corruptor x2  
  198  25:20  Zergling x6  
  195  25:28  Zergling x28  
  200  25:43  Spore Crawler  
  200  25:45  Spore Crawler  
  200  25:47  Corruptor x4  
  197  26:05  Evolution Chamber  
  197  26:07  Evolution Chamber  
  195  26:26  Hatchery  
  194  26:42  Corruptor  
  194  26:43  Corruptor x2  
  200  26:54  Drone  
  198  27:09  Hatchery  
  198  27:14  Corruptor  
  199  27:30  Overseer  
  199  27:31  Overseer x2  
  199  27:32  Overseer  
  199  27:45  Drone  
  199  28:15  Extractor  
  197  28:21  Extractor  
  197  28:25  Extractor  
  192  28:34  Corruptor x4  
  196  28:57  Corruptor x2  
  200  29:06  Viper  
  200  29:18  Spore Crawler  
  200  29:19  Spore Crawler  
  194  29:33  Corruptor x2  
  186  29:53  Corruptor  
  186  29:58  Zergling x8, Ultralisk  
  199  30:02  Brood Lord x2  
  199  30:31  Spore Crawler  
  199  30:32  Spore Crawler  
  199  30:33  Spore Crawler  
  196  30:44  Corruptor x2  
  196  30:48  Overlord  
  199  31:00  Overlord  
  199  31:44  Spore Crawler  
  198  31:48  Spore Crawler  
  196  32:00  Zergling x2, Ultralisk  
  199  32:14  Overseer x2  
  192  32:46  Infestor  
  194  32:51  Ultralisk  
  200  33:18  Spore Crawler x4  
  200  33:19  Spore Crawler  
  195  33:20  Spore Crawler x2  
  195  33:23  Corruptor x2  
  199  33:47  Viper  
  200  34:02  Infestor  
  200  34:14  Corruptor  
  193  34:48  Corruptor  
  193  34:49  Corruptor  
  197  34:57  Zergling x4  
  197  34:58  Zergling x4  
  200  35:00  Overseer  
  200  35:21  Lair  
  197  35:41  Corruptor  
  199  35:52  Extractor  
  190  36:27  Corruptor  
  190  36:46  Corruptor x2  
  198  36:56  Corruptor x3  
  196  37:16  Brood Lord  
  198  37:29  Zergling x2  
  199  37:34  Hive  
  188  39:29  Viper x2  
  173  39:31  Corruptor x11  
  193  39:38  Corruptor x3  
  189  39:48  Corruptor x9  
  199  39:57  Overlord  
  196  40:01  Corruptor  
  196  40:02  Corruptor x3  
  189  40:12  Corruptor x6  
  187  40:16  Overlord  
  153  40:21  Corruptor  
  153  40:22  Corruptor  
  142  40:30  Corruptor  
  142  40:31  Overlord, Corruptor  
  142  40:32  Viper x2  
  142  40:35  Corruptor x2  
  135  40:37  Brood Lord x8  
  135  40:38  Infestor x2, Brood Lord x3  
  135  40:39  Infestor  
  165  40:47  Brood Lord x4  
  165  40:49  Overlord x4  
  173  40:53  Overlord  
  173  40:58  Spawning Pool  
  172  41:05  Brood Lord  
  172  41:06  Overlord  
  172  41:07  Overlord  
  172  41:10  Brood Lord x4  
  182  41:15  Infestor  
  184  41:38  Brood Lord x2  
  188  41:47  Zergling x16  
  188  41:48  Zergling x8  
  200  42:06  Zergling x16  
  177  42:14  Corruptor  
  177  42:15  Corruptor  
  151  42:20  Zergling x8, Queen x2  
  149  42:27  Zergling x2  
  149  42:28  Zergling x6  
  153  42:33  Queen x3  
  159  42:40  Zergling x10  
  164  42:45  Zergling x10  
  169  42:55  Zergling x10  
  169  42:56  Queen x2  
  178  42:59  Overseer  
  178  43:07  Zergling x10  
  178  43:09  Queen x2  
  193  43:37  Queen x2  
  188  44:23  Zergling x12  
Show
View Real Time Build Order
Export as new Build Order

ShoWTimE Protoss 

Build Orders: 1 Gate Expand, Oracle Opening, Archon Immortal, Carriers 

Get SALT Encoding   

  12  0:00  Probe  
  13  0:12  Probe  
  14  0:18  Pylon  
  14  0:24  Probe (Chrono Boost)  
  15  0:36  Probe (Chrono Boost)  
  15  0:38  Gateway  
  16  0:45  Probe (Chrono Boost)  
  16  0:46  Assimilator  
  17  0:51  Probe  
  18  1:03  Probe  
  19  1:15  Probe  
  20  1:24  Nexus  
  20  1:33  Cybernetics Core  
  20  1:36  Probe  
  21  1:41  Assimilator  
  21  1:49  Probe  
  21  1:51  Pylon  
  22  2:01  Probe  
  23  2:07  Adept (Chrono Boost)  
  23  2:13  Probe  
  26  2:19  Stargate  
  26  2:25  Probe  
  26  2:27  Adept (Chrono Boost)  
  27  2:32  Warp Gate  
  29  2:38  Probe (Chrono Boost)  
  29  2:42  Probe (Chrono Boost)  
  31  2:47  Probe (Chrono Boost)  
  31  2:49  Adept  
  31  2:51  Probe (Chrono Boost)  
  35  2:52  Probe (Chrono Boost)  
  36  3:01  Probe  
  36  3:02  Oracle (Chrono Boost)  
  36  3:04  Probe  
  41  3:08  Pylon  
  41  3:13  Probe  
  41  3:16  Probe  
  43  3:21  Adept  
  43  3:25  Probe  
  46  3:28  Probe  
  47  3:34  Oracle (Chrono Boost)  
  47  3:37  Probe  
  47  3:38  Gateway  
  47  3:41  Probe  
  48  3:50  Pylon, Probe  
  48  3:53  Probe  
  50  4:01  Nexus  
  50  4:02  Probe  
  51  4:05  Oracle (Chrono Boost)  
  51  4:08  Probe  
  55  4:14  Pylon  
  55  4:15  Probe  
  55  4:16  Assimilator  
  56  4:19  Assimilator  
  56  4:20  Probe  
  57  4:26  Robotics Facility  
  57  4:27  Probe  
  57  4:31  Shield Battery  
  58  4:32  Probe  
  59  4:39  Probe  
  59  4:40  Adept  
  59  4:44  Probe  
  63  4:48  Forge  
  63  4:52  Probe  
  64  4:53  Pylon  
  64  4:55  Gateway  
  64  4:56  Probe (Chrono Boost)  
  66  5:08  Probe x2 (Chrono Boost)  
  66  5:10  Sentry  
  66  5:12  Twilight Council  
  70  5:16  Observer, Probe (Chrono Boost)  
  70  5:17  Sentry, Probe (Chrono Boost)  
  70  5:19  Probe (Chrono Boost)  
  70  5:20  Protoss Ground Weapons Level 1 (Chrono Boost)  
  75  5:24  Pylon  
  75  5:26  Probe (Chrono Boost)  
  75  5:27  Probe (Chrono Boost)  
  78  5:29  Pylon  
  78  5:34  Probe (Chrono Boost)  
  78  5:35  Pylon, Probe (Chrono Boost)  
  80  5:37  Probe (Chrono Boost)  
  80  5:40  Probe x2, Charge  
  82  5:45  Immortal  
  82  5:47  Probe  
  87  5:52  Probe x2  
  87  5:53  Gateway x2  
  89  5:58  Assimilator  
  89  5:59  Assimilator, Probe  
  90  6:04  Probe  
  90  6:07  Gateway  
  90  6:08  Templar Archives  
  90  6:09  Gateway  
  91  6:16  Probe  
  91  6:18  Gateway  
  92  6:21  Immortal (Chrono Boost), Pylon  
  96  6:36  Gateway x2  
  96  6:40  Pylon, Stalker  
  96  6:44  Robotics Bay  
  96  6:45  Shield Battery  
  96  6:46  Shield Battery  
  98  6:47  High Templar x2  
  98  6:51  Pylon, Archon  
  98  6:52  Zealot x2  
  103  7:06  Probe  
  104  7:08  Probe  
  104  7:09  Pylon  
  104  7:12  Warp Prism (Chrono Boost)  
  107  7:16  High Templar x2  
  107  7:17  Zealot x2  
  107  7:18  Zealot x2  
  107  7:21  Archon  
  119  7:23  Psionic Storm  
  119  7:24  Protoss Ground Weapons Level 2 (Chrono Boost)  
  119  7:30  Pylon  
  119  7:37  Zealot x2  
  121  7:39  Nexus  
  121  7:41  Probe x3  
  126  7:49  High Templar x3  
  132  7:53  Shield Battery  
  132  7:54  Shield Battery  
  132  7:57  High Templar  
  134  7:58  Pylon  
  134  7:59  Probe x3  
  134  8:00  Immortal (Chrono Boost)  
  134  8:03  Photon Cannon  
  141  8:11  Probe  
  141  8:12  Zealot x3  
  148  8:13  Zealot  
  150  8:21  Fleet Beacon  
  150  8:30  Photon Cannon  
  150  8:31  Probe  
  150  8:32  Photon Cannon  
  150  8:33  Probe, Photon Cannon  
  152  8:34  Probe, Photon Cannon  
  152  8:35  Shield Battery  
  152  8:37  Shield Battery  
  152  8:39  Immortal (Chrono Boost), Pylon  
  151  8:47  Zealot x3  
  147  8:52  Assimilator  
  147  8:56  Stargate, Assimilator  
  147  9:05  Stargate  
  147  9:12  Pylon  
  147  9:15  Zealot, Photon Cannon, High Templar x4  
  147  9:16  Zealot x3  
  163  9:21  Archon x2  
  163  9:23  Pylon  
  163  9:39  Carrier (Chrono Boost)  
  163  9:44  Carrier (Chrono Boost)  
  175  9:52  Protoss Air Weapons Level 1 (Chrono Boost)  
  175  9:54  Shield Battery  
  175  9:55  Zealot x7, Photon Cannon  
  175  9:58  Zealot x2  
  175  9:59  Zealot  
  195  10:11  Archon  
  191  10:15  Zealot x2  
  191  10:16  Protoss Ground Weapons Level 3 (Chrono Boost)  
  191  10:18  Pylon  
  191  10:21  Carrier (Chrono Boost)  
  191  10:22  Zealot x2  
  189  10:33  High Templar x3  
  189  10:34  Shield Battery, Photon Cannon  
  195  10:37  Pylon  
  185  10:45  Carrier (Chrono Boost)  
  189  10:54  Photon Cannon  
  189  10:56  Photon Cannon  
  189  10:58  Nexus  
  189  11:00  Pylon  
  189  11:01  High Templar x2  
  189  11:08  Pylon  
  189  11:09  Carrier (Chrono Boost)  
  189  11:17  Robotics Bay  
  195  11:18  Robotics Facility  
  193  11:33  Carrier  
  195  11:47  Gateway  
  195  11:48  Gateway  
  195  11:49  Gateway  
  195  11:52  Protoss Air Weapons Level 2 (Chrono Boost)  
  195  11:53  Photon Cannon  
  195  11:54  Photon Cannon  
  195  11:56  Probe, Photon Cannon  
  195  11:58  Photon Cannon  
  196  12:01  Cybernetics Core  
  196  12:03  Photon Cannon  
  196  12:05  Photon Cannon  
  196  12:06  Photon Cannon  
  196  12:13  Carrier x2 (Chrono Boost)  
  190  12:23  High Templar x2  
  190  12:26  Shield Battery  
  190  12:28  Archon, Shield Battery  
  194  12:30  Assimilator  
  194  12:32  High Templar  
  194  12:33  High Templar  
  194  12:35  Assimilator  
  198  12:47  Protoss Air Armor Level 1 (Chrono Boost)  
  198  13:05  Disruptor (Chrono Boost)  
  198  13:13  Protoss Shields Level 1 (Chrono Boost)  
  198  13:15  Disruptor (Chrono Boost)  
  198  13:32  Zealot  
  198  13:46  Zealot  
  194  13:55  Disruptor x2  
  200  14:18  Protoss Air Weapons Level 3 (Chrono Boost)  
  200  14:35  Gateway  
  200  14:38  Gateway  
  200  14:40  Gateway  
  200  14:43  Gateway  
  198  14:47  Gateway  
  198  14:50  Stargate  
  193  14:53  Nexus  
  193  14:55  Pylon  
  193  14:57  Zealot x3  
  199  15:00  Dark Shrine  
  199  15:09  Protoss Shields Level 2 (Chrono Boost)  
  199  15:11  Protoss Air Armor Level 2 (Chrono Boost)  
  189  15:21  Zealot x5  
  189  15:25  Photon Cannon  
  189  15:26  Photon Cannon  
  189  15:27  Photon Cannon  
  199  15:30  Photon Cannon  
  199  15:49  Disruptor  
  193  15:51  Zealot x3  
  193  15:57  Assimilator  
  198  16:02  Void Ray (Chrono Boost)  
  196  16:11  Shadow Stride (Chrono Boost)  
  196  16:18  Assimilator  
  200  16:21  Blink (Chrono Boost)  
  200  16:46  Zealot x5  
  200  16:48  Void Ray  
  200  16:49  Void Ray x2  
  200  16:50  Zealot  
  200  16:51  Zealot  
  190  17:04  Zealot x5  
  186  17:09  Zealot  
  186  17:10  Zealot x6  
  200  17:16  Photon Cannon  
  200  17:18  Stargate  
  200  17:20  Void Ray, Photon Cannon  
  200  17:21  Shield Battery  
  200  17:22  Mothership (Chrono Boost)  
  200  17:23  Shield Battery  
  200  17:26  Pylon  
  198  17:36  Void Ray x3  
  184  17:57  Gravitic Drive (Chrono Boost)  
  196  18:34  Archon  
  196  18:35  Warp Prism  
  196  18:39  Photon Cannon  
  196  18:42  Immortal  
  196  18:43  Protoss Shields Level 3 (Chrono Boost)  
  196  18:44  Shield Battery  
  196  18:46  Pylon  
  196  18:47  Photon Cannon  
  200  18:48  Photon Cannon  
  200  18:50  Photon Cannon  
  200  18:52  Photon Cannon  
  200  18:54  Photon Cannon  
  200  18:55  Shield Battery  
  196  18:56  Shield Battery  
  196  18:57  Photon Cannon  
  196  19:02  Protoss Air Armor Level 3 (Chrono Boost)  
  196  19:11  Immortal  
  196  19:13  Pylon  
  200  19:32  Photon Cannon  
  200  19:33  Photon Cannon  
  200  19:35  Photon Cannon  
  200  19:38  Pylon  
  200  19:39  Gateway  
  199  20:03  Zealot  
  199  20:05  Nexus  
  199  20:07  Pylon  
  189  20:52  Nexus  
  189  20:54  Pylon  
  177  20:59  Void Ray (Chrono Boost)  
  177  21:00  Void Ray (Chrono Boost)  
  177  21:01  Pylon  
  177  21:02  Immortal x2 (Chrono Boost)  
  177  21:06  Carrier (Chrono Boost)  
  199  21:41  Shield Battery  
  199  21:44  Shield Battery  
  199  21:45  Pylon  
  199  21:59  Protoss Ground Armor Level 1 (Chrono Boost)  
  199  22:15  Gateway  
  199  22:16  Gateway  
  199  22:20  Gateway  
  199  22:23  Nexus  
  199  22:25  Pylon  
  199  22:29  Pylon  
  199  22:32  Gateway  
  199  22:33  Gateway  
  199  22:39  Gateway  
  199  22:44  Nexus  
  199  22:45  Pylon  
  199  22:46  Gateway  
  199  22:48  Pylon  
  199  22:56  Pylon  
  199  23:17  Photon Cannon  
  199  23:19  Photon Cannon  
  199  23:21  Photon Cannon  
  199  23:22  Photon Cannon  
  199  23:23  Photon Cannon  
  194  23:38  Mothership (Chrono Boost)  
  194  23:48  Zealot x3  
  194  24:02  Photon Cannon  
  194  24:05  Photon Cannon  
  194  24:06  Zealot x3, Photon Cannon  
  194  24:08  Photon Cannon  
  194  24:09  Photon Cannon  
  200  24:19  Photon Cannon  
  200  24:23  Assimilator  
  198  24:25  Assimilator  
  198  24:28  Photon Cannon  
  198  24:30  Zealot  
  198  24:56  Zealot  
  196  25:24  Disruptor  
  196  25:25  Disruptor  
  194  25:30  Tempest x2  
  194  25:34  Photon Cannon  
  196  25:35  Photon Cannon  
  196  25:36  Photon Cannon  
  196  25:38  Photon Cannon  
  196  25:39  Shield Battery  
  196  25:40  Shield Battery  
  192  25:42  Pylon, Tempest  
  195  25:50  Tempest  
  195  25:52  Protoss Ground Armor Level 2 (Chrono Boost)  
  185  26:09  Zealot x5  
  185  26:10  Zealot x2  
  199  26:17  Shield Battery  
  199  26:19  Shield Battery  
  199  26:21  Shield Battery  
  199  26:22  Shield Battery  
  199  26:26  Pylon  
  199  26:29  Shield Battery  
  199  26:38  Tempest (Chrono Boost)  
  199  26:42  Tempest (Chrono Boost)  
  199  26:43  Flux Vanes  
  198  26:51  Void Ray x2 (Chrono Boost)  
  198  26:53  Unknown  
  194  26:56  Photon Cannon  
  194  26:58  Pylon  
  196  27:08  Pylon  
  196  27:12  Stargate  
  196  27:13  Zealot  
  198  27:37  Dark Templar  
  200  28:09  Void Ray x2  
  192  28:14  Protoss Ground Armor Level 3 (Chrono Boost)  
  200  28:34  Pylon  
  200  28:39  Pylon  
  200  30:38  Observer  
  190  31:33  Shield Battery  
  190  31:34  Shield Battery  
  190  31:35  Shield Battery  
  190  31:39  Pylon  
  190  31:42  Pylon  
  188  31:53  Pylon  
  188  31:55  Pylon  
  188  31:57  Shield Battery  
  188  31:59  Shield Battery x2  
  188  32:01  Shield Battery  
  188  32:03  Shield Battery x2  
  188  32:28  Void Ray x2  
  188  32:29  Void Ray  
  200  33:06  Gateway  
  200  33:07  Gateway  
  200  33:09  Gateway  
  200  33:11  Gateway  
  200  33:12  Stargate  
  199  33:13  Stargate  
  199  33:15  Gateway  
  199  33:18  Gateway  
  199  33:23  Gateway  
  199  33:25  Gateway  
  199  33:27  Gateway  
  199  33:28  Gateway  
  199  33:29  Gateway  
  199  33:31  Oracle (Chrono Boost)  
  199  33:34  Stargate  
  186  34:55  Oracle  
  186  35:13  Immortal x2 (Chrono Boost)  
  186  35:39  Void Ray x2  
  186  35:40  Void Ray x2  
  178  35:46  Immortal (Chrono Boost)  
  198  35:56  High Templar  
  200  36:17  Void Ray x2  
  200  36:22  Void Ray  
  196  36:37  Void Ray  
  197  37:21  Observer (Chrono Boost)  
  198  37:37  Warp Prism (Chrono Boost)  
  200  37:58  Oracle (Chrono Boost)  
  198  38:50  High Templar  
  191  39:37  Void Ray x2  
  191  39:38  Void Ray x6  
  176  39:55  Stalker  
  176  39:56  Stalker x10  
  176  39:57  Stalker x2  
  176  39:59  Stalker  
  180  40:00  Stalker x2  
  180  40:05  Stalker x6  
  180  40:06  Stalker x3  
  127  40:21  Stalker x5  
  127  40:22  Stalker x5  
  127  40:26  Archon  
  106  40:29  Stalker  
  106  40:30  Stalker x4  
  112  40:37  High Templar x7  
  126  40:55  Archon x2  
  126  40:56  Archon  
  126  40:57  High Templar x6  
  126  41:03  High Templar x9  
  126  41:04  High Templar x7  
  164  41:08  Archon x7  
  164  41:09  Archon  
  170  41:14  Observer (Chrono Boost)  
  170  41:15  Observer (Chrono Boost)  
  172  41:26  High Templar x2  
  172  41:30  Archon  
  176  41:44  Observer  
  173  41:54  Tempest  
  73  42:29  Tempest (Chrono Boost)  
  77  43:43  Tempest (Chrono Boost)  

Tags
 
Add a new tag
Caveats
  • Supply blocks, unpowered buildings, or Contaminate may cause inaccurate times.
  • Supply counts are checked every 10 seconds.